 Dungeon Sprint DCSS version 0.27-a0-1186-g8b4daa1eef (webtiles) character file.

Game seed: 16095125203860199718

1525 mhtbhm the Eclecticist (level 8, -7/41 HPs)
             Began as a Deep Elf Earth Elementalist on May 19, 2021.
             Was a High Priest of Vehumet.
             Mangled by a death knight
             ... wielding a +4 broad axe
              (29 damage)
             ... in the Dungeon (Sprint VII: "The Pits").
             The game lasted 00:02:35 (813 turns).

mhtbhm the Eclecticist (Deep Elf Earth Elementalist) Turns: 813, Time: 00:02:36

Health: -7/41      AC:  2    Str:  5    XL:     8   Next: 54%
Magic:  17/29      EV: 15    Int: 23    God:    Vehumet [*****.]
Gold:   0          SH:  0    Dex: 15    Spells: 23/37 levels left

rFire    . . .     SeeInvis .   l - +2 quarterstaff (protect)
rCold    . . .     Faith    .   (shield currently unavailable)
rNeg     . . .     Spirit   .   c - +0 robe
rPois    .         Reflect  .   (no helmet)
rElec    .         Harm     .   (no cloak)
rCorr    .         Rampage  .   (no gloves)
Will     .....     NoTele   +   (no boots)
Stlth    +++.......             (no amulet)
HPRegen  0.13/turn              (no ring)
MPRegen  0.21/turn              (no ring)

@: no status effects
A: no striking features
a: Renounce Religion


You were in the Dungeon.
You worshipped Vehumet.
Vehumet was extremely pleased with you.
You visited 1 branch

Inventory:

Hand Weapons
 l - a +2 quarterstaff of protection (weapon)
Missiles
 b - 29 stones
Armour
 c - a +0 robe (worn)
Scrolls
 i - a scroll of blinking
 j - 5 scrolls of amnesia
 k - a scroll of summoning
Potions
 a - 2 potions of invisibility
 d - 6 potions of curing
 e - 3 potions of heal wounds
 f - a potion of haste
 g - 4 potions of magic
 h - 3 potions of berserk rage


   Skills:
 + Level 2.1 Staves
 + Level 6.5 Dodging
 + Level 5.7 Stealth
 + Level 15.4 Spellcasting
 + Level 2.3 Conjurations
 + Level 1.7 Transmutations
 + Level 2.5 Fire Magic
 + Level 13.4 Earth Magic


You had 23 spell levels left.
You knew the following spells:

 Your Spells              Type           Power      Damage    Failure   Level
a - Sandblast             Erth           100%       2d20      0%          1
b - Foxfire               Conj/Fire      100%       2x1d9     1%          1
c - Stone Arrow           Conj/Erth      100%       3d13      1%          3
d - Lee's Rapid Deconstr  Erth           34%        3d18*     1%          5
e - Petrify               Tmut/Erth      52%        N/A       1%          4

Your spell library contained the following spells:

 Spells                   Type           Power      Damage    Failure   Level
 Conjure Flame            Conj/Fire      29%        6-21      1%          3
 Passwall                 Tmut/Erth      43%        N/A       1%          2


Dungeon Overview and Level Annotations

Branches:
Dungeon (1/1)

Altars:
Ashenzari
Cheibriados
Dithmenos
Elyvilon
Fedhas
Gozag
Hepliaklqana
Kikubaaqudgha
Makhleb
Nemelex Xobeh
Okawaru
Qazlal
Ru
Sif Muna
Trog
Uskayaw
Vehumet
Wu Jian
Xom
Yredelemnul
Zin
The Shining One
Beogh
Jiyva
Lugonu


Message History

The metal wall shatters!
The blast of metal fragments hits the death knight!!
The death knight is moderately wounded.
The blast of metal fragments hits the bog body!!
The bog body is severely damaged.
The death knight misses you.
Unknown command.
Unknown command.
Casting: Lee's Rapid Deconstruction (safe; 1% risk of failure)
Confirm with . or Enter, or press ? or * to list all spells.
Aiming: Lee's Rapid Deconstruction (safe; 1% risk of failure)
Press: ? - help, Dir - move target A metal wall.
The metal wall shatters!
The blast of metal fragments hits the death knight!
The death knight is heavily wounded.
The blast of metal fragments hits the bog body!!
You destroy the bog body!
Vehumet accepts your kill.
You feel your power returning.
The death knight hits you with a +4 broad axe!
Your Staves skill increases to level 2!
Your Spellcasting skill increases to level 15!
Your Earth Magic skill increases to level 13!
Unknown command.
Casting: Lee's Rapid Deconstruction (safe; 1% risk of failure)
Confirm with . or Enter, or press ? or * to list all spells.
Aiming: Lee's Rapid Deconstruction (safe; 1% risk of failure)
Press: ? - help, Dir - move target A metal wall.
The metal wall shatters!
The blast of metal fragments hits the death knight!!!
The death knight is almost dead.
The blast of metal fragments hits the ball python skeleton!!
You destroy the ball python skeleton!
Vehumet accepts your kill.
You feel your power returning.
The death knight hits you with a +4 broad axe!!
Ouch! That really hurt!
You die...

#.#...'.#))##.......#
#.##'####))##.......#
#.#.)).†#..##.......#
#.#.....#'###...<...#
#.#........##.......#
#.#........##.......#
#)###########.......#
#).)....#..##########
#..###..#@# ###
#.......#p# ...#
##.###.##'#..Z.#
#.......#.'....+
#..###..#'#....#
#.......'.#....#
########### ####


You could see a death knight.

Vanquished Creatures
  A deep troll (D)
  A bog body (D)
  Sigmund (D)
  A floating eye (D)
  An orc warrior (D)
  A wolf (D)
  A centaur (D)
  An orc priest (D)
  An adder (D)
  2 ufetubi (D)
  An adder skeleton (D)
  3 orcs (D)
  A bat (D)
  2 bat skeletons (D)
  An endoplasm (D)
  2 giant cockroaches (D)
  A quokka (D)
  3 ball python skeletons (D)
  A goblin (D)
  A jackal zombie (D)
27 creatures vanquished.

Vanquished Creatures (others)
  5 foxfires (D)
5 creatures vanquished.

Grand Total: 32 creatures vanquished

Notes
Turn   | Place    | Note
-------+----------+-------------------------------------------
     0 | D        | mhtbhm the Deep Elf Earth Elementalist began the quest for
                  | the Orb.
     0 | D        | Reached XP level 1. HP: 10/10 MP: 6/6
    36 | D        | Found a bloodstained altar of Trog.
    36 | D        | Found a shimmering blue altar of Sif Muna.
    36 | D        | Found a viscous altar of Jiyva.
    36 | D        | Found a hazy altar of Hepliaklqana.
    36 | D        | Found an opulent altar of Gozag.
    37 | D        | Found a glowing golden altar of the Shining One.
    37 | D        | Found a glowing silver altar of Zin.
    37 | D        | Found a basalt altar of Yredelemnul.
    37 | D        | Found a shimmering altar of Xom.
    37 | D        | Found an ornate altar of the Wu Jian Council.
    37 | D        | Found a sacrificial altar of Ru.
    37 | D        | Found a stormy altar of Qazlal.
    37 | D        | Found an iron altar of Okawaru.
    37 | D        | Found a sparkling altar of Nemelex Xobeh.
    37 | D        | Found a burning altar of Makhleb.
    37 | D        | Found a blossoming altar of Fedhas.
    37 | D        | Found a white marble altar of Elyvilon.
    37 | D        | Found a shadowy altar of Dithmenos.
    37 | D        | Found a snail-covered altar of Cheibriados.
    39 | D        | Found a radiant altar of Vehumet.
    39 | D        | Found a corrupted altar of Lugonu.
    40 | D        | Found a hide-covered altar of Uskayaw.
    40 | D        | Found an ancient bone altar of Kikubaaqudgha.
    40 | D        | Found a broken altar of Ashenzari.
    47 | D        | Became a worshipper of Vehumet
    90 | D        | Noticed a floating eye
    92 | D        | Killed a floating eye
    93 | D        | Reached skill level 6 in Spellcasting
    93 | D        | Reached XP level 2. HP: 15/15 MP: 6/11
    93 | D        | Reached XP level 3. HP: 19/19 MP: 6/12
    93 | D        | Reached XP level 4. HP: 24/24 MP: 7/14
   154 | D        | Reached * piety under Vehumet
   154 | D        | Offered knowledge of Foxfire by Vehumet.
   159 | D        | Learned a level 1 spell: Foxfire
   163 | D        | Learned a level 3 spell: Stone Arrow
   285 | D        | Noticed Sigmund
   286 | D        | Offered knowledge of Freeze by Vehumet.
   286 | D        | Reached ** piety under Vehumet
   293 | D        | Killed Sigmund
   294 | D        | Reached skill level 5 in Dodging
   294 | D        | Reached skill level 5 in Stealth
   294 | D        | Reached skill level 9 in Spellcasting
   294 | D        | Reached skill level 10 in Earth Magic
   294 | D        | Reached XP level 5. HP: 22/28 MP: 7/18
   294 | D        | Reached XP level 6. HP: 25/32 MP: 7/20
   389 | D        | Learned a level 5 spell: Lee's Rapid Deconstruction
   394 | D        | Learned a level 4 spell: Petrify
   443 | D        | Noticed an orc warrior
   447 | D        | Reached *** piety under Vehumet
   448 | D        | Reached skill level 1 in Fire Magic
   450 | D        | Killed an orc warrior
   450 | D        | Offered knowledge of Ignite Poison by Vehumet.
   450 | D        | Reached **** piety under Vehumet
   451 | D        | Reached skill level 10 in Spellcasting
   510 | D        | Reached skill level 11 in Spellcasting
   510 | D        | Reached skill level 1 in Conjurations
   605 | D        | Noticed a deep troll
   608 | D        | Killed a deep troll
   608 | D        | Reached ***** piety under Vehumet
   609 | D        | Reached skill level 1 in Staves
   609 | D        | Reached skill level 13 in Spellcasting
   609 | D        | Reached XP level 7. HP: 27/36 MP: 7/26
   704 | D        | Offered knowledge of Conjure Flame by Vehumet.
   705 | D        | Reached skill level 14 in Spellcasting
   705 | D        | Reached XP level 8. HP: 41/41 MP: 28/28
   805 | D        | Noticed a death knight
   805 | D        | Noticed a bog body
   812 | D        | Killed a bog body
   813 | D        | Reached skill level 15 in Spellcasting
   813 | D        | Mangled by a death knight

Illustrated notes

Levels and vault maps discovered:
D:        pitsprint [storerooms_1, entrance_room_1, metal_vault_2, armoury_2,
          mini_pit_1, grid_room_1, main_hall_1, silver_pit, the_coven_2,
          the_vestibule_1, steel_vault_1, golden_pit, hallway_of_sentries,
          crystal_vault_5, iron_vault_2, final_vault]

Skill      XL: |  1  2  3  4  5  6  7  8 |
---------------+-------------------------+-----
Earth Magic    | 8 10 12 13 | 13.4
Dodging        | 4 5 6 |  6.5
Stealth        | 4 5 |  5.7
Spellcasting   | 6 9 13 14 15 | 15.4
Fire Magic     | 2 |  2.5
Conjurations   | 1 2 |  2.3
Staves         | 1 2 |  2.1
Transmutations | |  1.7

Action                   |  1- 3 |  4- 6 |  7- 9 || total
-------------------------+-------+-------+-------++-------
Melee: Quarterstaff      |       |     1 |       ||     1
 Cast: Sandblast         |     3 |     8 |       ||    11
       Foxfire           |       |     3 |       ||     3
       Stone Arrow       |       |     2 |       ||     2
       Lee's Rapid Decon |       |     9 |     4 ||    13
  Use: Potion            |       |     1 |     2 ||     3
Armor: Robe              |       |     2 |       ||     2
Dodge: Dodged            |       |     5 |     1 ||     6

Table legend: (Time is in decaauts)
 A = Elapsed time spent in this place.
 B = Non-inter-level travel time spent in this place.
 C = Inter-level travel time spent in this place.
 D = Time resting spent in this place.
 E = Time spent auto-exploring this place.
 F = Levels seen in this place.
 G = Mean time per level.
                   A        B        C        D        E       F      G
               +--------+--------+--------+--------+--------+-----+--------+
         Total |    812 |    812 |      0 |    566 |      6 |   1 |  812.0 |
       Dungeon |    812 |    812 |      0 |    566 |      6 |   1 |  812.0 |
               +--------+--------+--------+--------+--------+-----+--------+

Top non-repeatable levels by time:
       D: 812 daAuts
